 Dungeon Crawl Stone Soup version 0.22-a0-353-g2d6336e (webtiles) character file.

9295 Amnesiac the Thaumaturge (level 11, -2/47 HPs)
             Began as a Spriggan Earth Elementalist on Apr 15, 2018.
             Was a Believer of Ashenzari.
             Slain by a vampire mosquito (12 damage)
             ... on level 12 of the Dungeon.
             The game lasted 00:19:23 (10625 turns).

Amnesiac the Thaumaturge (SpEE)                    Turns: 10625, Time: 00:19:24

Health: -2/47      AC:  2    Str:  1    XL:     11   Next: 21%
Magic:  19/27      EV: 19    Int: 19    God:    Ashenzari [**....]
Gold:   732        SH:  2    Dex: 21    Spells: 15/33 levels left

rFire    . . .     SeeInvis +   v - +4 dagger of Valour {pierce, rN+ Stlth+} (curse)
rCold    . . .     Gourm    .   (shield restricted)
rNeg     + . .     Faith    .   c - +0 robe
rPois    .         Spirit   .   (helmet restricted)
rElec    .         Reflect  +   (no cloak)
rCorr    .         Harm     .   (gloves unavailable)
MR       +....                  (boots unavailable)
Stlth    ++++......             C - +2 amulet of reflection
HPRegen  0.15/turn              a - ring of the Real Monster {Str-3 Int-2 Dex+5} (curse)
MPRegen  0.20/turn              M - ring of wizardry

@: very quick
A: very small, unfitting armour, see invisible, herbivore, speed 3, slow
metabolism 2
a: Curse Item, Scrying, Renounce Religion


You were on level 12 of the Dungeon.
You worshipped Ashenzari.
Ashenzari was pleased with you.
You were not hungry.

You visited 2 branches of the dungeon, and saw 13 of its levels.

You collected 732 gold pieces.

Inventory:

Hand Weapons
 v - the cursed +4 dagger of Valour (weapon) {pierce, rN+ Stlth+}
   (You found it on level 4 of the Dungeon)

   It inflicts extra damage upon your enemies.
   It protects you from negative energy.
   It makes you more stealthy.
   It has a curse placed upon it.
 x - a +3 rapier of electrocution
 G - the +5 mace of Subjectivity {venom, *Rage rC- rN++ Dex+10}
   (You found it on level 7 of the Dungeon)

   It poisons the flesh of those it strikes.
   It affects your dexterity (+10).
   It makes you vulnerable to cold.
   It greatly protects you from negative energy.
   It may make you go berserk in combat.
 J - a +5 dagger of electrocution
Missiles
 b - 251 stones (quivered)
 f - 35 poisoned needles
 w - 2 throwing nets
Armour
 c - a +0 robe (worn)
 O - a +0 cloak
 Q - the +1 buckler of Fortification {MP+9}
   (You found it on level 10 of the Dungeon)

   It affects your magic capacity (+9).
Magical Staves
 q - an uncursed staff of air
 E - an uncursed staff of energy
Jewellery
 a - the cursed ring of the Real Monster (left hand) {Str-3 Int-2 Dex+5}
   (You found it on level 4 of the Dungeon)

   [ring of intelligence]

   It affects your strength (-3).
   It affects your intelligence (-2).
   It affects your dexterity (+5).
   It has a curse placed upon it.
 o - an uncursed ring of protection from fire
 C - a +2 amulet of reflection (around neck)
 M - a ring of wizardry (right hand)
 R - an uncursed ring of poison resistance
 T - a +3 ring of strength
Wands
 B - a wand of flame (41)
 K - a wand of iceblast (6)
 N - a wand of paralysis (6)
Scrolls
 e - 5 scrolls of fog {!r, unknown}
 g - 13 scrolls of identify {!r, unknown}
 j - 3 scrolls of blinking {!r, unknown}
 k - 3 scrolls of immolation {!r, unknown}
 l - 2 scrolls of fear {!r, unknown}
 p - 7 scrolls of teleportation {!r, unknown}
 t - a scroll of enchant armour {!r, unknown}
 y - 2 scrolls of random uselessness {!r, unknown}
 A - 2 scrolls of noise {!r, unknown}
 D - a scroll of enchant weapon {!r, unknown}
 F - a scroll of summoning {!r, unknown}
 L - a scroll of remove curse {!r}
 P - 2 scrolls of magic mapping {!r, unknown}
Potions
 h - 2 potions of magic {!q, unknown}
 i - 3 potions of heal wounds {!q, unknown}
 m - a potion of berserk rage {!q, unknown}
 n - 5 potions of lignification {!q, unknown}
 r - a potion of haste {!q, unknown}
 s - a potion of ambrosia {!q, unknown}
 u - a potion of invisibility {!q, unknown}
 z - 3 potions of degeneration {!q, unknown}
 H - a potion of mutation {!q, unknown}
 I - 2 potions of agility {!q, unknown}
 S - a potion of brilliance {!q, unknown}
 U - a potion of cancellation {!q, unknown}
Comestibles
 d - 26 rations


   Skills:
 - Level 3.0(5.0) Short Blades
 - Level 3.0 Dodging
 - Level 3.0 Stealth
 + Level 11.6 Spellcasting
 - Level 11.0 Transmutations
 - Level 11.0 Earth Magic


You had 15 spell levels left.
You knew the following spells:

 Your Spells              Type           Power        Failure   Level  Hunger
a - Sandblast             Erth           ######       1%          1    None
b - Passwall              Tmut/Erth      ######....   1%          2    None
c - Iron Shot             Conj/Erth      ####......   36%         6    ######.
d - Lee's Rapid Deconstr  Erth           ######....   1%          5    ####...
e - Petrify               Tmut/Erth      ######..     1%          4    ##.....


Dungeon Overview and Level Annotations

Branches:
Dungeon (12/15)            Temple (1/1) D:4            Lair (0/6) D:9
    Orc (0/2) D:12

Altars:
Ashenzari
Cheibriados
Dithmenos
Elyvilon
Fedhas
Gozag
Hepliaklqana
Kikubaaqudgha
Makhleb
Nemelex Xobeh
Okawaru
Qazlal
Ru
Sif Muna
Trog
Uskayaw
Vehumet
Wu Jian
Xom
Yredelemnul
Zin
The Shining One

Shops:
D:9 (


Innate Abilities, Weirdness & Mutations

You are very small and have problems with some larger weapons.
You are too small for most types of armour.
You have supernaturally acute eyesight. (SInv)
You are a herbivore.
You cover ground extremely quickly.
You need to consume almost no food.


Message History

You impale the orc!!
You kill the orc!
The orc priest shouts!
The orc shouts! x2; You hear a shout! x3
The orc hits you. The orc closely misses you. The orc completely misses you.
The orc hits you with a club.
An orc opens the door.
You hear a shout!
You hear an angry buzzing noise. x3
Casting: Passwall (safe; 1% risk of failure)
Confirm with . or Enter, or press ? or * to list all spells.
Aiming: Sandblast (safe; 1% risk of failure)
Press: ? - help, Shift-Dir - straight line, f - orc
Aim: an orc, wielding a club
Okay, then.
Casting: Sandblast (safe; 1% risk of failure)
Confirm with . or Enter, or press ? or * to list all spells.
Aiming: Lee's Rapid Deconstruction (safe; 1% risk of failure)
Press: ? - help, Dir - move target cursor That beam is likely to hit you.
Continue anyway?
The stone idol shatters!
The blast of rock fragments hits the orc.
You kill the orc!
The blast of rock fragments hits the orc.
You kill the orc!
The blast of rock fragments hits the orc priest.
The orc priest is heavily wounded.
The blast of rock fragments hits the orc.
You kill the orc!
The blast of rock fragments hits you!
The blast of rock fragments hits the orc.
You kill the orc!
The blast of rock fragments hits the orc.
You kill the orc!
You hear a shout!
The orc priest calls down the wrath of Beogh upon you.
Beogh smites you!
* * * LOW HITPOINT WARNING * * *
Unknown command.
Casting: Lee's Rapid Deconstruction (safe; 1% risk of failure)
Confirm with . or Enter, or press ? or * to list all spells.
Aiming: Sandblast (safe; 1% risk of failure)
Press: ? - help, Shift-Dir - straight line, f - orc priest
Aim: an orc priest, wielding a short sword and wearing a leather armour (heavily wounded)
The blast of sand hits the orc priest.
The orc priest is severely wounded.
b - 252 stones The orc misses you.
The orc priest misses you.
Unknown command.
Casting: Sandblast (safe; 1% risk of failure)
Confirm with . or Enter, or press ? or * to list all spells.
Aiming: Sandblast (safe; 1% risk of failure)
Press: ? - help, Shift-Dir - straight line, f/p - orc priest
Aim: an orc priest, wielding a short sword and wearing a leather armour (severely wounded)
The blast of sand hits the orc priest.
You kill the orc priest!
b - 251 stones The orc hits you but does no damage. 2 vampire mosquitoes and an orc come into view.
Unknown command.
Okay, then.
The vampire mosquito closely misses you.
Items here: ) [ †† a +0 short sword; an uncursed leather armour; an orc corpse x2
The vampire mosquito misses you.
You open the door. The vampire mosquito bites you!
You die...

,, * , * ,
, * , ,
+## + , ,
#.., *
#...# ,
#.>.*
#y..# *,
..# #...#
* , ,
#'####.y.#
* *
*#@.)#...#
*
#oy)y...#
*
#).†#...#
*, , ***
##o##<..#
{ #.##...#
*
{,..##...#
, , , ,
,####...#
** ,
,,,....# ,
, * ,
###..#


You could see 2 vampire mosquitoes and 2 orcs.

Vanquished Creatures
  A hydra (D:11)
  Erica (D:10)
  4 two-headed ogres
  Nergalle (D:10)
  An ugly thing (D:11)
  A troll (D:9)
  A hornet (D:11)
  A spriggan (D:8)
  The ghost of Amnesiac the Digger, an amateur SpEE (D:4)
  A hungry ghost (D:11)
  Menkaure (D:5)
  Edmund (D:5)
  A water moccasin (D:10)
  A black bear (D:7)
  5 sky beasts
  2 phantoms
  4 ogres
  A big kobold (D:11)
  Blork the orc (D:5)
  A gnoll sergeant (D:6)
  2 bullfrogs
  2 wyvern zombies
  A wyvern skeleton (D:6)
  5 scorpions
  3 wights (D:11)
  2 centaur zombies (D:6)
  3 bullfrog zombies
  5 crimson imps
  2 quasits
  2 jellies
  4 orc priests
  A bullfrog skeleton (D:5)
  A gnoll shaman (D:10)
  2 hounds
  4 orc wizards
  2 iguanas
  Terence (D:3)
  2 worker ants
  A killer bee zombie (D:6)
  4 hound zombies
  Robin (D:2)
  A worker ant zombie (D:6)
  11 gnolls
  12 adders
  A howler monkey skeleton (D:10)
  2 shadow imps
  An ooze (D:1)
  2 adder skeletons (D:6)
  3 adder zombies
  2 worms
  3 dart slugs
  2 leopard geckos
  22 orcs
  5 giant cockroaches
  13 goblins
  16 hobgoblins
  2 jackals (D:6)
  4 quokkas
  9 bats
  6 frilled lizards
  A jackal skeleton (D:6)
  10 kobolds
  A leopard gecko skeleton (D:5)
  2 leopard gecko zombies
  A quokka skeleton (D:6)
  2 quokka zombies
  6 rats
221 creatures vanquished.

Vanquished Creatures (others)
  4 plants (D:9)
4 creatures vanquished.

Grand Total: 225 creatures vanquished

Notes
Turn   | Place    | Note
-------+----------+-------------------------------------------
     0 | D:1      | Amnesiac the Spriggan Earth Elementalist began the quest for the Orb.
     0 | D:1      | Reached XP level 1. HP: 9/9 MP: 5/5
   102 | D:2      | Noticed Robin
   281 | D:1      | Reached XP level 2. HP: 13/13 MP: 7/7
   294 | D:1      | Learned a level 2 spell: Passwall
   904 | D:2      | Reached XP level 3. HP: 16/16 MP: 8/8
   948 | D:2      | Reached skill level 1 in Short Blades
  1439 | D:2      | Reached XP level 4. HP: 17/21 MP: 1/9
  1441 | D:2      | Killed Robin
  1935 | D:3      | Noticed Terence
  1967 | D:3      | Killed Terence
  1967 | D:3      | Reached XP level 5. HP: 4/24 MP: 11/11
  2707 | D:4      | Noticed Amnesiac's ghost (amateur SpEE)
  2715 | D:4      | Killed Amnesiac's ghost
  2715 | D:4      | Reached XP level 6. HP: 10/28 MP: 6/13
  2770 | D:4      | Learned a level 4 spell: Petrify
  2776 | D:4      | Learned a level 5 spell: Lee's Rapid Deconstruction
  3023 | D:4      | Found a staircase to the Ecumenical Temple.
  3026 | D:4      | Got a translucent dagger
  3110 | Temple   | Entered the Ecumenical Temple
  3332 | Temple   | Became a worshipper of Ashenzari the Shackled
  3333 | Temple   | Identified the +4 dagger of Valour {pierce, rN+ Stlth+} (You found it on level 4 of the Dungeon)
  3462 | D:4      | Identified the cursed ring of the Real Monster {Str-3 Int-2 Dex+5}
  3734 | D:5      | Identified a paperback manual
  3734 | D:5      | Entered Level 5 of the Dungeon
  3735 | D:5      | Found a transporter.
  3743 | D:5      | Noticed Menkaure
  3743 | D:5      | Found a basalt altar of Yredelemnul.
  3743 | D:5      | Found an ancient bone altar of Kikubaaqudgha.
  3749 | D:5      | Killed Menkaure
  3749 | D:5      | Reached skill level 5 in Transmutations
  3749 | D:5      | Reached skill level 5 in Earth Magic
  3750 | D:5      | Found a transporter.
  3767 | D:5      | Reached skill level 5 in Spellcasting
  3767 | D:5      | Reached XP level 7. HP: 32/32 MP: 4/15
  3901 | D:5      | Noticed Edmund
  3941 | D:5      | Killed Edmund
  4363 | D:5      | Noticed Blork the orc
  4375 | D:5      | Killed Blork the orc
  4923 | D:5      | Reached XP level 8. HP: 36/36 MP: 16/18
  5819 | D:6      | Reached * piety under Ashenzari
  6496 | D:7      | Identified the +5 mace of Subjectivity {venom, *Rage rC- rN++ Dex+10}
  6601 | D:7      | Reached XP level 9. HP: 39/39 MP: 16/20
  6803 | D:8      | Found a radiant altar of Vehumet.
  6813 | D:8      | Noticed Erica
  6817 | D:8      | Noticed a two-headed ogre
  6853 | D:8      | Killed a two-headed ogre
  7807 | D:9      | Found Libofoer's Antique Weapon Shoppe.
  7851 | D:9      | Found a staircase to the Lair.
  7852 | D:9      | Noticed a komodo dragon
  8009 | D:9      | Found a sparkling altar of Nemelex Xobeh.
  8235 | D:9      | Reached ** piety under Ashenzari
  8412 | D:9      | Noticed a troll
  8421 | D:9      | Killed a troll
  8421 | D:9      | Reached XP level 10. HP: 28/44 MP: 14/23
  8698 | D:10     | Entered Level 10 of the Dungeon
  8708 | D:10     | Noticed a two-headed ogre
  8720 | D:10     | Killed a two-headed ogre
  8899 | D:10     | Killed Erica
  8899 | D:10     | Reached skill level 10 in Transmutations
  8899 | D:10     | Reached skill level 10 in Earth Magic
  8988 | D:10     | Noticed Nergalle
  9010 | D:10     | Killed Nergalle
  9457 | D:10     | Got the uncursed buckler of Fortification {MP+9}
  9479 | D:10     | Noticed a two-headed ogre
  9492 | D:10     | Killed a two-headed ogre
  9492 | D:10     | Reached skill level 10 in Spellcasting
  9897 | D:11     | Learned a level 6 spell: Iron Shot
  9901 | D:11     | Noticed a two-headed ogre
  9915 | D:11     | Killed a two-headed ogre
  9930 | D:11     | Noticed a white ugly thing
  9942 | D:11     | Killed a white ugly thing
  9942 | D:11     | Reached XP level 11. HP: 42/47 MP: 22/26
 10437 | D:11     | Noticed a five-headed hydra
 10458 | D:11     | Killed a five-headed hydra
 10625 | D:12     | Found a staircase to the Orcish Mines.
 10625 | D:12     | Slain by a vampire mosquito

Vault maps used:
D:1:      dpeg_arrival_chambers_temple_mockup, minmay_misc_feat_plants,
          minmay_pentomino_p4
D:2:      uniq_robin
D:3:      hex_medium, uniq_terence
D:4:      minmay_temple_entry_fiery
D:5:      gammafunk_temple_of_torment, first_ration, uniq_blork_the_orc,
          uniq_edmund, uniq_menkaure
D:6:      serial_undead, serial_undead_f, serial_undead_d, serial_undead_d,
          serial_undead_e, serial_undead_d, serial_undead_d
D:8:      fiery_altar_vehumet, the_bakery, uniq_erica
D:9:      lemuel_coloured_pillars_altar, david_lair_shrubbed, serial_shops,
          shop_coins
D:10:     serial_bayou_pond_d, uniq_nergalle
D:12:     hiddenorc2_lemuel, special_room
Temple:   dpeg_five_rooms_temple

Skill      XL: |  1  2  3  4  5  6  7  8  9 10 11 |
---------------+----------------------------------+-----
Earth Magic    | 3 4 5 6 7 9 11 | 11.0
Spellcasting   | 3 4 5 6 7 8 10 11 | 11.6
Transmutations | 2 3 4 5 6 7 9 11 | 11.0
Short Blades   | 1 3 |  3.0
Dodging        | |  3.0
Stealth        | |  3.0

Action                   |  1- 3 |  4- 6 |  7- 9 | 10-12 || total
-------------------------+-------+-------+-------+-------++-------
Melee: Short sword       |    87 |   100 |       |       ||   187
       Dagger            |       |    10 |   101 |    40 ||   151
 Cast: Sandblast         |    19 |    20 |   113 |    52 ||   204
       Passwall          |       |       |    15 |    16 ||    31
       Petrify           |       |       |    17 |     9 ||    26
       Lee's Rapid Decon |       |       |     4 |     1 ||     5
Invok: Curse Item        |       |     1 |       |       ||     1
 Stab: Sleeping          |     7 |     4 |    17 |    13 ||    41
       Petrified         |       |       |    29 |    16 ||    45
       Petrifying        |       |       |     4 |       ||     4
  Eat: Ration            |       |       |     4 |     3 ||     7
Armor: Robe              |     9 |     8 |     3 |     2 ||    22
Dodge: Dodged            |    78 |    97 |    82 |    20 ||   277
Block: Other             |       |       |     2 |     1 ||     3

Table legend:
 A = Spawn XP
 B = Non-spawn XP
 C = Spawn XP percentage of total XP
 D = Spawn monster count
 E = Non-spawn monster count
 F = Spawn count percentage of total count
 G = Total turns spent on level
                    A         B        C        D         E        F      G
               +---------+---------+-------+---------+---------+-------+---------
         Total |       0 |   13279 |   0.0 |       0 |     221 |   0.0 | 10625
               +---------+---------+-------+---------+---------+-------+---------
           D:1 |       0 |      38 |   0.0 |       0 |      19 |   0.0 |   901
           D:2 |       0 |      83 |   0.0 |       0 |      29 |   0.0 |   813
           D:3 |       0 |     111 |   0.0 |       0 |      21 |   0.0 |  1066
           D:4 |       0 |     268 |   0.0 |       0 |      10 |   0.0 |   878
           D:5 |       0 |     981 |   0.0 |       0 |      16 |   0.0 |  1081
           D:6 |       0 |    1002 |   0.0 |       0 |      39 |   0.0 |   925
           D:7 |       0 |     417 |   0.0 |       0 |       9 |   0.0 |   782
           D:8 |       0 |    1681 |   0.0 |       0 |      12 |   0.0 |  1055
           D:9 |       0 |    1039 |   0.0 |       0 |      19 |   0.0 |  1027
          D:10 |       0 |    4141 |   0.0 |       0 |      17 |   0.0 |  1043
          D:11 |       0 |    3409 |   0.0 |       0 |      22 |   0.0 |   762
          D:12 |       0 |     109 |   0.0 |       0 |       8 |   0.0 |    14
               +---------+---------+-------+---------+---------+-------+---------
